 Dungeon Crawl Stone Soup version 0.29.0-11-gd7f09526c8 (webtiles) character file.

Game seed: 11848302096275688289

166 sanka the Ruffian (level 5, -8/45 HPs)
             Began as a Draconian Monk on Sept 2, 2022.
             Mangled by a gnoll
             ... wielding a +0 halberd
             ... led by a gnoll bouda
              (13 damage)
             ... on level 4 of the Dungeon.
             The game lasted 00:03:50 (2339 turns).

sanka the Ruffian (Draconian Monk)                  Turns: 2339, Time: 00:03:51

Health: -8/45      AC:  5    Str: 14    XL:     5   Next: 22%
Magic:  5/5        EV: 12    Int: 12    God:
Gold:   121        SH:  0    Dex: 13    Spells: 4/4 levels left

rFire   . . .      SeeInvis .     - Unarmed
rCold   . . .      Faith    .   (no shield)
rNeg    . . .      Spirit   .   (body armour unavailable)
rPois   .          Reflect  .   (helmet restricted)
rElec   .          Harm     .   c - scarf {shadows}
rCorr   .          Rampage  .   (no gloves)
Will    +....                   (no boots)
Stlth   +.........              b - amulet of regeneration
HPRegen 0.95/turn               l - ring of willpower
MPRegen 0.09/turn               (no ring)

@: confused, ambrosia-drunk, weakened
A: AC +5, unfitting armour, cold-blooded
a: no special abilities


You were on level 4 of the Dungeon.
You visited 1 branch of the dungeon, and saw 4 of its levels.

You collected 121 gold pieces.


Innate Abilities, Weirdness & Mutations

Your plain brown scales are hard. (AC +5)
You cannot fit into any form of body armour.
You are cold-blooded and may be slowed by cold attacks.


   Skills:
 - Level 3.2 Fighting
 - Level 2.6 Dodging
 - Level 1.7 Stealth
 + Level 6.0 Unarmed Combat


You had 4 spell levels left.
You didn't know any spells.
Your spell library contained the following spells:

 Spells                   Type           Power      Damage    Failure   Level
 Ensorcelled Hibernation  Hex/Ice        0%         N/A       45%         2
 Passwall                 Tmut/Erth      0%         N/A       45%         2
 Poisonous Vapours        Pois/Air       0%         N/A       45%         2
 Swiftness                Air            0%         N/A       69%         3
 Corpse Rot               Necr/Pois/Air  0%         N/A       97%         4
 Passage of Golubria      Tloc           0%         N/A       97%         4
 Silence                  Hex/Air        0%         N/A       100%        5
 Lehudib's Crystal Spear  Conj/Erth      0%         10d2      100%        8

Inventory:

Armour
 c - a scarf of shadows (worn)
Jewellery
 b - an amulet of regeneration (around neck)
 f - an amulet of reflection
 l - a ring of willpower (left hand)
Wands
 p - a wand of iceblast (1)
Scrolls
 g - a scroll of enchant armour {unknown}
 h - a scroll of teleportation {unknown}
 i - 2 scrolls of silence {unknown}
 j - 2 scrolls of identify {unknown}
 k - a scroll of brand weapon {unknown}
 o - 2 scrolls of fear {unknown}
 q - a scroll of magic mapping {unknown}
Potions
 d - a potion of haste {unknown}
 e - a potion of flight {unknown}
 m - 2 potions of curing {unknown}
 n - a potion of heal wounds {unknown}

Dungeon Overview and Level Annotations

Branches:
Dungeon (4/15)
 Temple: D:4-7

Altars:
Fedhas
Zin

Annotations:
D:3 Grinder

.▒▒▒.............≈_≈~.▒
..............▒..~≈~~.▒
.▒ ..........▒▒.~~...▒
▒▒▒▒▒▒...........▒▒▒..▒
................g.▒...▒
...▒...........g.▒▒...▒
▒..▒...)......†..g....▒
.......▒▒....▒▒▒▒g....▒
.▒▒▒▒▒▒▒▒▒..▒▒ ▒d.▒...▒
▒▒ ▒▒▒▒ ▒▒.▒...▒ ▒ ▒▒▒
..▒ ▒ ..▒ .. ▒▒ .>▒ ▒..
▒..


You could see a gnoll bouda and a gnoll (swift).


Message History

The gnoll bouda is almost dead.
The gnoll bouda gazes fiercely through you!
You feel your attacks grow feeble.
The gnoll bouda hits you with a +0 whip!
* * * LOW HITPOINT WARNING * * *
The gnoll barely misses you.
Unknown command.
You hit the gnoll bouda.
The gnoll bouda is almost dead.
The gnoll bouda misses you.
Unknown command.
You closely miss the gnoll bouda.
The gnoll bouda is almost dead.
The gnoll barely misses you.
The gnoll bouda gazes fiercely through you!
You feel as though you will be weak longer.
The gnoll bouda hits you with a +0 whip.
* * * LOW HITPOINT WARNING * * *
Unknown command.
You hit the gnoll bouda but do no damage.
The gnoll bouda is almost dead.
The gnoll hits you from afar with a +0 halberd.
* * * LOW HITPOINT WARNING * * *
The gnoll bouda hits you with a +0 whip!
* * * LOW HITPOINT WARNING * * *
Unknown command.
You are confused.
You feel invigorated.
The gnoll hits you from afar with a +0 halberd!
You die...

Action                   |  1- 3 |  4- 6 || total
-------------------------+-------+-------++-------
Melee: Unarmed           |   102 |   130 ||   232
       Tailslap          |    13 |    14 ||    27
       Punch             |     3 |     8 ||    11
  Use: Potion            |       |     1 ||     1
 Stab: Sleeping          |     2 |     3 ||     5
Armor: Skin              |    25 |    38 ||    63
Dodge: Dodged            |    50 |    77 ||   127

Levels and vault maps discovered:
D:1:      psy_arrival_dodecagon, layout_basic
D:2:      layout_loops_ring, minmay_misc_feat_room
D:3:      layout_basic, zin_statuary, uniq_grinder
D:4:      old_forge, layout_cave_pools, elyvilon_altar_3, fedhas_altar_2,
          serial_shops, nicolae_shop_window_shopping, grunt_ministairs_15,
          guppyfry_early_lair_pool, uniq_edmund, uniq_ijyb, uniq_menkaure

Notes
Turn   | Place    | Note
-------+----------+-------------------------------------------
     0 | D:1      | sanka the Draconian Monk began the quest for the Orb.
     0 | D:1      | Reached XP level 1. HP: 19/19 MP: 1/1
    85 | D:1      | Reached XP level 2. HP: 26/26 MP: 2/2
   296 | D:1      | Reached skill level 4 in Unarmed Combat
   353 | D:1      | Reached XP level 3. HP: 31/31 MP: 3/3
   941 | D:2      | Reached skill level 5 in Unarmed Combat
   941 | D:2      | Reached XP level 4. HP: 35/38 MP: 4/4
  1717 | D:3      | Noticed Grinder
  1813 | D:3      | Reached XP level 5. HP: 45/45 MP: 5/5
  2129 | D:3      | Found a glowing silver altar of Zin.
  2272 | D:4      | Reached skill level 6 in Unarmed Combat
  2303 | D:4      | Found a blossoming altar of Fedhas.
  2338 | D:4      | HP: 1/45 [gnoll bouda/+0 whip (8)]
  2339 | D:4      | Mangled by a gnoll

Vanquished Creatures
  9 adders
  A gnoll (D:1)
  3 dart slugs
  4 orcs
  5 endoplasms
  4 giant cockroaches
  A goblin (D:1)
  8 hobgoblins
  2 jackals (D:1)
  4 quokkas
  5 ball pythons
  6 bats
  3 frilled lizards
  7 kobolds
  3 rats
65 creatures vanquished.

Vanquished Creatures (others)
  16 fungi (D:4)
  A plant (D:4)
17 creatures vanquished.

Grand Total: 82 creatures vanquished
